 Dungeon Crawl Stone Soup version 0.28-a0-1435-g82390b3a13 (webtiles) character file.

Game seed: 9992296289204749989

28 Gargoyl the Skirmisher (level 3, -18/35 HPs)
             Began as a Gnoll Abyssal Knight on Jan 9, 2022.
             Was an Initiate of Lugonu.
             Killed from afar by an efreet (28 damage)
             ... with a bolt of fire
             ... on level 2 of the Abyss.
             The game lasted 00:01:47 (1502 turns).

Gargoyl the Skirmisher (Gnoll Abyssal Knight)       Turns: 1502, Time: 00:01:47

Health: -18/35     AC:  3    Str: 14      XL:     3   Next: 14%
Magic:  6/6        EV: 12    Int:  9      God:    Lugonu [......]
Gold:   86         SH:  0    Dex: 11 (12) Spells: 3/3 levels left

rFire   . . .      SeeInvis .   a - +1 hand axe
rCold   . . .      Faith    .   (no shield)
rNeg    . . .      Spirit   .   b - +0 leather armour
rPois   .          Reflect  .   (no helmet)
rElec   .          Harm     .   (no cloak)
rCorr   .          Rampage  .   (no gloves)
Will    .....                   (no boots)
Stlth   +.........              (no amulet)
HPRegen 0.11/turn               j - ring of flight
MPRegen 0.10/turn               (no ring)

@: flying
A: fangs 1, strong nose, distributed training
a: Renounce Religion


You were on level 2 of the Abyss.
You worshipped Lugonu.
Lugonu was noncommittal.
You visited 1 branch of the dungeon, and saw 1 of its levels.
You visited the Abyss 2 times.

You collected 86 gold pieces.

Inventory:

Hand Weapons
 a - a +1 hand axe (weapon)
Armour
 b - a +0 leather armour (worn)
Jewellery
 j - a ring of flight (left hand)
Scrolls
 c - 3 scrolls of enchant armour {unknown}
 e - a scroll of vulnerability {unknown}
 h - a scroll of identify {unknown}
 k - a scroll of teleportation {unknown}
Potions
 d - a potion of attraction {unknown}
 f - a potion of curing {unknown}
 g - a potion of might {unknown}
 i - 2 potions of cancellation {unknown}
 l - a potion of heal wounds {unknown}


   Skills:
 + Level 6.5 Fighting
 + Level 0.6 Short Blades
 + Level 0.6 Long Blades
 + Level 4.5 Axes
 + Level 0.6 Maces & Flails
 + Level 0.6 Polearms
 + Level 0.6 Staves
 + Level 0.6 Slings
 + Level 0.6 Bows
 + Level 0.6 Crossbows
 + Level 0.6 Throwing
 + Level 4.5 Armour
 + Level 2.5 Dodging
 + Level 0.6 Stealth
 + Level 0.6 Shields
 + Level 0.6 Unarmed Combat
 + Level 0.6 Spellcasting
 + Level 0.4 Conjurations
 + Level 0.4 Hexes
 + Level 0.4 Summonings
 + Level 0.4 Necromancy
 + Level 0.4 Translocations
 + Level 0.4 Transmutations
 + Level 0.4 Fire Magic
 + Level 0.4 Ice Magic
 + Level 0.4 Air Magic
 + Level 0.4 Earth Magic
 + Level 0.4 Poison Magic
 + Level 4.5 Invocations
 + Level 0.6 Evocations


You had 3 spell levels left.
You didn't know any spells.
Your spell library was empty.

Dungeon Overview and Level Annotations

Branches:
Dungeon (1/15)

Altars:
Cheibriados
Lugonu

Portals:
Abyss: D:1


Innate Abilities, Weirdness & Mutations

You have very sharp teeth.
Your uncanny sense of smell can sniff out nearby items.
Your experience applies equally to all skills.


Message History

The quasit barely misses you. The quasit closely misses you.
The quasit claws you but does no damage.
The quasit bites you but does no damage.
The quasit claws you but does no damage.
The quasit claws you.
You feel clumsy.
An orange demon comes into view.
The orange demon screeches!
You hear a shout!
The quasit closely misses you. The quasit claws you.
The quasit claws you but does no damage.
An ufetubus comes into view.
The ufetubus shouts!
The quasit bites you.
The quasit claws you. x2; The quasit barely misses you. x2
The quasit claws you.
The rakshasa blinks!
The rakshasa weaves an illusion.
The quasit bites you.
* * * LOW HITPOINT WARNING * * *
The quasit claws you but does no damage.
The quasit barely misses you.
The quasit bites you but does no damage.
The quasit claws you but does no damage.
The quasit claws you.
* * * LOW HITPOINT WARNING * * *
Unknown command.
The quasit misses you.
The quasit claws you but does no damage. x2
A raiju comes into view.
The raiju barks!
The rakshasa weaves an illusion.
The ufetubus shimmers and seems to become two!
The raiju bursts into living lightning!
The living lightning misses you.
The raiju blinks!
An efreet comes into view.
It is wielding a +3 scimitar of flaming.
The quasit barely misses you. The quasit misses you.
The quasit claws you but does no damage.
The efreet closely misses you. The efreet gestures at you.
The bolt of fire hits you!!
Ouch! That really hurt!
You die...

.......4.. #
...#.R...### #
..###.... .## .#.
...#........#
...#
........#.####...
##.....h5##.#..#
####...5☼.....#
###.5R#..#..
###.@#..#
##.....#
.##...... ..
...##. ... .#.#
.... .. .. .....
.# # ...... ##


You could see a rakshasa, an efreet, a raiju, a quasit and 2 ufetubi.

Vanquished Creatures
  2 dart slugs (D:1)
  5 ball pythons (D:1)
  A bat (D:1)
  2 endoplasms (D:1)
  5 goblins (D:1)
  A hobgoblin (D:1)
  3 jackals (D:1)
  A kobold (D:1)
20 creatures vanquished.

Vanquished Creatures (others)
  A plant (D:1)
1 creature vanquished.

Grand Total: 21 creatures vanquished

Notes
Turn   | Place    | Note
-------+----------+-------------------------------------------
     0 | Abyss:1  | Gargoyl the Gnoll Abyssal Knight began the quest for the
                  | Orb.
     0 | Abyss:1  | Reached XP level 1. HP: 23/23 MP: 3/3
    28 | Abyss:1  | Found a corrupted altar of Lugonu.
   103 | Abyss:1  | Noticed a worldbinder
   104 | Abyss:1  | Noticed a manticore
   104 | Abyss:1  | Noticed a manticore
   104 | Abyss:1  | Noticed a snapping turtle
   104 | D:1      | Escaped the Abyss
   143 | D:1      | Reached XP level 2. HP: 17/29 MP: 5/5
   429 | D:1      | Reached * piety under Lugonu
   611 | D:1      | Found a snail-covered altar of Cheibriados.
   957 | D:1      | Reached XP level 3. HP: 35/35 MP: 6/6
  1074 | D:1      | Found a faded altar of an unknown god.
  1314 | D:1      | Found a one-way gate to the infinite horrors of the Abyss.
  1314 | D:1      | Found a corrupted altar of Lugonu.
  1314 | D:1      | Noticed a demonic crawler
  1314 | D:1      | Noticed a demonic crawler
  1315 | D:1      | Noticed a demonic crawler
  1317 | D:1      | Noticed a demonic crawler
  1326 | D:1      | Cast into level 1 of the Abyss (kobold)
  1340 | Abyss:1  | Noticed a small abomination
  1359 | Abyss:1  | Noticed a vampire mage
  1383 | Abyss:2  | Found a corrupted altar of Lugonu.
  1418 | Abyss:2  | Noticed a large abomination
  1437 | Abyss:2  | Noticed a wraith
  1471 | Abyss:2  | Noticed a rakshasa
  1481 | Abyss:2  | Noticed an orange demon
  1497 | Abyss:2  | Noticed a raiju
  1498 | Abyss:2  | Noticed an efreet
  1502 | Abyss:2  | Killed from afar by an efreet

Illustrated notes

Levels and vault maps discovered:
D:1:      erik_arrival_cave_to_civilisation [erik_arrival_cave_to_temple],
          layout_basic, chequers_ecumenical_altar_grove, kennysheep_flooded_box,
          st_stairs_2, serial_bayou_lagoon_a, minmay_pentomino_x2
Abyss:2:  base: Temple, evilmike_abyss_exit_13, minivault_11

Action                   || total
-------------------------++-------
Melee: Hand axe          ||    48
       Bite              ||     6
       Punch             ||     1
Invok: Depart the Abyss  ||     1
 Stab: Sleeping          ||     3
Armor: Leather armour    ||    33
Dodge: Dodged            ||    49

Table legend: (Time is in decaauts)
 A = Elapsed time spent in this place.
 B = Non-inter-level travel time spent in this place.
 C = Inter-level travel time spent in this place.
 D = Time resting spent in this place.
 E = Time spent auto-exploring this place.
 F = Levels seen in this place.
 G = Mean time per level.
                   A        B        C        D        E       F      G
               +--------+--------+--------+--------+--------+-----+--------+
         Total |   1509 |   1509 |      0 |     11 |   1218 |   4 |  377.2 |
       Dungeon |   1227 |   1227 |      0 |      0 |   1066 |   1 | 1227.0 |
         Abyss |    281 |    281 |      0 |     11 |    152 |   3 |   93.7 |
               +--------+--------+--------+--------+--------+-----+--------+

Top non-repeatable levels by time:
     D:1: 1227 daAuts
 Abyss:1: 160 daAuts
 Abyss:2: 121 daAuts
